 Dungeon Crawl Stone Soup version 0.22.1-1-ga44c0e56f4 (webtiles) character file.

334692 KamiKatze the Phalangite (level 22, -11/224 HPs)
             Began as a Merfolk Berserker on Nov 7, 2018.
             Was the Champion of Trog.
             Mangled by a spriggan berserker
             ... wielding a +1 rapier of electrocution
              (12 damage)
             ... on level 2 of the Depths on Nov 10, 2018.
             The game lasted 04:45:46 (48178 turns).

KamiKatze the Phalangite (Merfolk Berserker)       Turns: 48178, Time: 04:45:47

Health: -11/224    AC: 25    Str: 28    XL:     22   Next: 19%
Magic:  0/25       EV: 20    Int:  7    God:    Trog [******]
Gold:   762        SH:  0    Dex: 15    Spells: 21/21 levels left

rFire    . . .     SeeInvis +   b - +4 bardiche (vamp)
rCold    . . .     Gourm    .   (shield currently unavailable)
rNeg     . . .     Faith    .   I - +2 plate armour {rPois}
rPois    +         Spirit   +   s - +1 helmet
rElec    .         Reflect  .   A - scarf {Spirit}
rCorr    .         Harm     .   w - +1 pair of gloves {Str+3}
MR       +....                  u - +0 pair of boots {Fly}
Stlth    ..........             m - amulet of Vitality {Regen+ HP+15}
HPRegen  0.87/turn              i - ring of see invisible
MPRegen  0.19/turn              h - +3 ring of slaying

@: flayed
A: change form in water, swift swim, stealthy swim, robust 1, subdued magic 1
}: 1/15 runes: serpentine
a: Berserk, Trog's Hand, Brothers in Arms, Renounce Religion, Evoke Flight


You were on level 2 of the Depths.
You worshipped Trog.
Trog was exalted by your worship.
You were not hungry.

You visited 7 branches of the dungeon, and saw 34 of its levels.
You visited the Abyss 1 time.
You also visited: Ice Cave.

You collected 4267 gold pieces.
You spent 3505 gold pieces at shops.

Inventory:

Hand Weapons
 b - a +4 vampiric bardiche (weapon)
 q - a +5 bardiche of chopping
Missiles
 j - 8 silver javelins
 p - 21 javelins
 M - 16 javelins of penetration (quivered)
 R - 6 javelins of returning
 Y - 18 poisoned javelins
Armour
 s - a +1 helmet (worn)
 u - a +0 pair of boots of flying (worn)
 w - a +1 pair of gloves of strength (worn)
 A - a scarf of spirit shield (worn)
 I - a +2 plate armour of poison resistance (worn)
 Q - a +3 plate armour of magic resistance
Jewellery
 a - an uncursed ring of resist corrosion
 d - an uncursed ring of protection from fire
 h - a +3 ring of slaying (right hand)
 i - a ring of see invisible (left hand)
 k - the ring "Duohul" {+Blink Str+4 Stlth+}
   (You found it on level 6 of the Lair of Beasts)

   [ring of stealth]

   It affects your strength (+4).
   It lets you blink.
   It makes you more stealthy.
 m - the amulet of Vitality (around neck) {Regen+ HP+15}
   (You bought it in a shop on level 2 of the Snake Pit)

   [amulet of regeneration]

   It affects your health (+15).
   It increases your rate of regeneration.
 T - an uncursed ring of positive energy
 W - an uncursed ring of protection from cold
Wands
 y - a wand of scattershot (9)
 z - a wand of flame (123)
 B - a wand of digging (35)
 K - a wand of disintegration (32)
 O - a wand of acid (25)
 P - a wand of iceblast (27)
 S - a wand of clouds (8)
Scrolls
 f - 6 scrolls of magic mapping
 l - 2 scrolls of teleportation
 r - 16 scrolls of remove curse
 t - 8 scrolls of summoning
 v - 8 scrolls of identify
 C - 5 scrolls of fear
 H - 6 scrolls of fog
 V - a scroll of holy word
Potions
 e - 12 potions of curing
 g - 5 potions of agility
 n - a potion of ambrosia
 o - 6 potions of lignification
 x - 3 potions of might
 D - 2 potions of berserk rage
 F - a potion of heal wounds
 J - a potion of flight
 L - 3 potions of haste
 N - 2 potions of resistance
 Z - 2 potions of cancellation
Comestibles
 c - 49 rations


   Skills:
 + Level 20.1 Fighting
 * Level 25.9 Polearms
 - Level 8.0 Throwing
 + Level 14.9 Armour
 + Level 20.4 Dodging
   Level 5.4 Shields
 - Level 5.0 Evocations


You had 21 spell levels left.
You didn't know any spells.
Your spell library was empty.

Dungeon Overview and Level Annotations

Branches:
Dungeon (15/15)            Temple (1/1) D:7            Lair (6/6) D:11
 Shoals (0/4) Lair:4        Snake (4/4) Lair:4        Slime (0/5) Lair:5
    Orc (2/2) D:11            Elf (0/3) Orc:2        Vaults (4/5) D:14
  Crypt (0/3) Vaults:3     Depths (2/5) D:15

Altars:
Ashenzari
Cheibriados
Dithmenos
Elyvilon
Fedhas
Gozag
Hepliaklqana
Kikubaaqudgha
Makhleb
Nemelex Xobeh
Okawaru
Qazlal
Ru
Sif Muna
Trog
Uskayaw
Vehumet
Wu Jian
Xom
Yredelemnul
Zin
The Shining One
Jiyva

Shops:
D:6 (   D:10 **   D:11 ::([   Orc:1 [   Orc:2 ((==   Snake:2 }}=   Snake:4 *
Vaults:2 :*[(   Depths:1 *[[(

Portals:
Hell: Depths:1
Pandemonium: Depths:1
Ziggurat: Depths:2
Trove: D:14 (give 7 potions of agility)

Annotations:
Lair:4 exclusion: oklob plant
Vaults:3 3 runed doors, Fascinator's ghost, adept DsFi; Jiecvoet's ghost, veteran GrFi


Innate Abilities, Weirdness & Mutations

You revert to your normal form in water.
You are very nimble and swift while swimming.
You are very stealthy in the water. (Stealth+)
You are robust. (+10% HP)
Your spells are a little easier to cast, but a little less powerful.


Message History

The spriggan berserker hits you but does no damage.
You are electrocuted!
The spriggan berserker hits you with a rapier of electrocution!
The spriggan berserker hits you with a rapier of electrocution!!!
* * * LOW HITPOINT WARNING * * *
You are electrocuted!
* * * LOW HITPOINT WARNING * * *
The flayed ghost stares at you with tortured malice.
The spriggan berserker hits you with a rapier of electrocution!
* * * LOW HITPOINT WARNING * * *
The spriggan berserker rages.
You open the door.
The spriggan berserker hits you with a rapier of electrocution!!
* * * LOW HITPOINT WARNING * * *
The vampire mage hits you!
* * * LOW HITPOINT WARNING * * *
The vampire mage closely misses you.
You hear a trumpeting!
The spriggan berserker hits you with a rapier of electrocution!
You die...

#.# #..# #.....#
##..... #.# #..#
#..#### ##(... #.#
#..# #.W##### ##...
#.# #..# #......# #..
#.# #..# #..##### #.
##.######..# #.C# #
...........####..#####
.#.######......iV....#
.#.# #.######@#####
.#.# ####'######'####
...###...............
.....'.......)......
.#####.........≈≈≈≈≈
.# #.........≈###≈. ##
#....)....≈# ≈.#
#.......<.≈# .#
#.........≈≈≈≈≈.


You could see a fire giant, a flayed ghost, a vampire mage (invisible) and a
spriggan berserker (berserk).

Vanquished Creatures
  A juggernaut (Depths:2)
  Sojobo (Depths:1)
  Vashnia (Snake:4)
  Saint Roka (Depths:1)
  Margery (Depths:1)
  A golden dragon (Depths:2)
  A bone dragon (Abyss:3)
  A lich (Vaults:2)
  Frances (D:14)
  A sphinx (Vaults:4)
  2 tentacled starspawn (Abyss:3)
  Agnes (D:15)
  A tengu reaver (Depths:1)
  Kirke (D:12)
  4 fire giants
  13 nagarajas
  2 deep elf sorcerers
  A frost giant (Depths:2)
  12 vault wardens
  2 reapers
  10 ironheart preservers
  8 stone giants
  2 entropy weavers (Vaults:3)
  2 spark wasps (Depths:2)
  Azrael (D:15)
  An ettin (shapeshifter) (Vaults:3)
  6 ettins
  2 fire dragons (Depths:1)
  Josephine (D:14)
  3 yaktaur captains
  15 ogre magi
  2 rakshasas
  2 ice dragons
  3 hydras
  3 great orbs of eyes
  17 naga warriors
  Fannar (D:10)
  11 vault guards
  11 anacondas
  A spriggan air mage (Depths:2)
  A merfolk avatar (Lair:6)
  8 centaur warriors
  4 death knights
  2 deep troll shamans
  50 two-headed ogres
  2 deep troll earth magi
  A vampire mage (Depths:1)
  A thrashing horror (Abyss:3)
  10 death yaks
  2 tengu warriors
  Urug (Lair:1)
  11 shock serpents
  A sun demon (Abyss:3)
  20 naga sharpshooters
  10 hell knights (Depths:1)
  2 spriggan berserkers (Depths:2)
  4 deep elf knights
  2 salamander mystics
  A wretched star (Abyss:3)
  2 shadow wraiths (Vaults:4)
  3 sea snakes
  A storm dragon skeleton (Abyss:3)
  A wizard (D:14)
  7 deep elf archers
  A deep troll (shapeshifter) (Depths:1)
  A glowing orange brain (Depths:1)
  A glowing orange brain (shapeshifter) (Vaults:1)
  2 flayed ghosts
  16 ironbrand convokers
  11 deep trolls
  9 naga ritualists
  5 unseen horrors
  7 necromancers
  7 mana vipers
  18 harpies
  4 manticores
  2 mana vipers (shapeshifter)
  7 oklob plants
  11 orc knights
  3 orc sorcerers
  15 deep elf magi
  9 salamanders
  35 ugly things
  2 cyclopes (Vaults:1)
  An apocalypse crab (Abyss:3)
  2 ice statues (IceCv)
  A centaur zombie (D:10)
  11 guardian serpents
  10 elephants
  31 black mambas
  Joseph (D:8)
  13 vault sentinels
  Maurice (Orc:1)
  22 naga magi
  7 torpor snails
  A gargoyle (D:15)
  4 kobold demonologists
  5 freezing wraiths
  12 spiny frogs
  3 rime drakes
  36 yaktaurs
  2 ancient zymes (Abyss:3)
  10 komodo dragons
  A tengu conjurer (D:15)
  A meliai (shapeshifter) (Vaults:1)
  9 ice devils (IceCv)
  8 trolls
  8 polar bears
  A hornet (D:14)
  2 slime creatures (Vaults:1)
  12 blink frogs
  2 raiju (Abyss:3)
  5 dream sheep
  12 hippogriffs
  A raiju (shapeshifter) (Vaults:3)
  6 large abominations (Abyss:3)
  A blink frog (shapeshifter) (Depths:2)
  7 redbacks
  A ynoxinul (Abyss:3)
  Sigmund (D:3)
  2 vampires
  A tarantella (shapeshifter) (Depths:1)
  3 water elementals
  5 starcursed masses (Abyss:3)
  10 wyverns
  40 yaks
  A yak (shapeshifter) (Abyss:3)
  A tarantella (Vaults:3)
  5 hogs
  Grum (D:10)
  3 fire elementals
  A shadow (D:15)
  7 wraiths
  21 humans
  A golden eye (Abyss:3)
  A hog (shapeshifter) (D:15)
  2 basilisks
  2 hungry ghosts
  2 neqoxecs (Abyss:3)
  4 vampire mosquitoes (D:15)
  A swamp worm (shapeshifter) (Abyss:3)
  Menkaure (D:4)
  3 wargs
  2 soldier ants
  2 acid dragons
  93 nagas
  8 hell hounds
  15 water moccasins
  11 porcupines
  A sky beast (D:14)
  2 phantoms
  A hornet zombie (D:10)
  An eye of draining (Abyss:3)
  11 black bears
  41 orc warriors
  6 boggarts (Vaults:3)
  A necrophage (D:10)
  19 centaurs
  49 ogres
  13 wolves
  19 crocodiles
  13 bullfrogs
  4 big kobolds
  A wyvern zombie (D:12)
  A water moccasin zombie (D:8)
  4 scorpions
  7 jellies
  2 electric eels (D:6)
  2 howler monkeys
  A quasit (D:12)
  A bullfrog zombie (D:13)
  10 crimson imps
  2 iron imps (Abyss:3)
  6 hounds
  4 centaur skeletons
  20 orc priests
  A bullfrog skeleton (D:6)
  27 orc wizards
  Jessica (D:3)
  6 iguanas
  A hell rat (D:11)
  4 worker ants
  4 small abominations
  Robin (D:2)
  7 gnolls
  A worker ant zombie (D:11)
  A howler monkey skeleton (D:9)
  9 adders
  5 shadow imps
  21 white imps
  11 ufetubi (IceCv)
  3 oozes
  2 adder skeletons
  9 dart slugs
  A worm (D:1)
  10 leopard geckos
  105 orcs
  3 giant cockroaches
  11 goblins
  9 hobgoblins
  7 jackals
  5 quokkas
  2 ball pythons
  3 bats
  7 frilled lizards
  2 jackal zombies
  23 kobolds
  13 rats
  2 fungi
  7 plants (Lair:1)
  A withered plant (D:2)
1531 creatures vanquished.

Vanquished Creatures (others)
  An ironheart preserver (Vaults:3)
  An ogre mage (Vaults:3)
  An oklob plant (D:12)
  A human (D:12)
  A naga (Snake:4)
  2 white imps (IceCv)
  2 ufetubi (IceCv)
  A dart slug (D:6)
  8 fungi
  63 plants
  7 starspawn tentacles (Abyss:3)
  6 withered plants (Vaults:3)
94 creatures vanquished.

Grand Total: 1625 creatures vanquished

Notes
Turn   | Place    | Note
-------+----------+-------------------------------------------
     0 | D:1      | KamiKatze the Merfolk Berserker began the quest for the
                  | Orb.
     0 | D:1      | Reached XP level 1. HP: 18/18 MP: 1/1
    58 | D:1      | Reached XP level 2. HP: 15/24 MP: 2/2
   395 | D:1      | Reached skill level 5 in Polearms
   547 | D:1      | You fall through a shaft!
   613 | D:2      | Found an ancient bone altar of Kikubaaqudgha.
   616 | D:2      | Noticed Robin
   656 | D:1      | Reached XP level 3. HP: 17/29 MP: 3/3
   820 | D:2      | Reached ** piety under Trog
  1100 | D:2      | HP: 1/30 [gnoll/whip (1)]
  1115 | D:1      | Reached XP level 4. HP: 4/37 MP: 4/4
  1425 | D:2      | Killed Robin
  1519 | D:2      | Found a shattered altar of Ashenzari.
  1637 | D:2      | Reached skill level 6 in Polearms
  2021 | D:2      | Reached XP level 5. HP: 37/42 MP: 5/5
  2157 | D:3      | Noticed Jessica
  2163 | D:3      | Killed Jessica
  2444 | D:3      | Noticed Sigmund
  2462 | D:3      | Killed Sigmund
  2462 | D:3      | Reached skill level 7 in Polearms
  2462 | D:3      | Reached XP level 6. HP: 49/49 MP: 6/6
  2870 | D:4      | Reached skill level 5 in Dodging
  2870 | D:4      | Reached XP level 7. HP: 55/55 MP: 7/7
  2892 | D:4      | Reached *** piety under Trog
  2892 | D:4      | Reached skill level 8 in Polearms
  3042 | D:4      | Noticed Menkaure
  3045 | D:4      | Killed Menkaure
  3045 | D:4      | Reached skill level 5 in Fighting
  3708 | D:5      | Entered Level 5 of the Dungeon
  3896 | D:5      | Reached XP level 8. HP: 46/62 MP: 8/8
  3987 | D:5      | Reached skill level 9 in Polearms
  3987 | D:5      | Reached skill level 1 in Shields
  5254 | D:6      | Reached skill level 1 in Throwing
  5297 | D:6      | Reached **** piety under Trog
  5325 | D:6      | Paralysed by an orc for 4 turns
  5419 | D:6      | Found a deep blue altar of Sif Muna.
  5624 | D:6      | Found Pidwaici's Antique Weapon Emporium.
  5747 | D:6      | Found an opulent altar of Gozag.
  6028 | D:7      | Reached skill level 10 in Polearms
  6052 | D:7      | Found a shadowy altar of Dithmenos.
  6122 | D:7      | Noticed a two-headed ogre
  6131 | D:7      | Killed a two-headed ogre
  6131 | D:7      | Reached XP level 9. HP: 64/69 MP: 9/9
  6189 | D:7      | Found a staircase to the Ecumenical Temple.
  6197 | Temple   | Entered the Ecumenical Temple
  6415 | D:7      | Received a gift from Trog
  6587 | D:7      | Found a burning altar of Makhleb.
  6594 | D:7      | Reached skill level 11 in Polearms
  6748 | D:7      | Found a hide-covered altar of Uskayaw.
  6751 | D:7      | Noticed a hand axe
  6752 | D:7      | Noticed a hand axe
  6950 | D:7      | Reached XP level 10. HP: 71/77 MP: 10/10
  6960 | D:7      | Reached skill level 12 in Polearms
  7403 | D:8      | Received a gift from Trog
  7461 | D:8      | Got an ebony whip
  7462 | D:8      | Identified the +7 whip "Xaisch" {slash, Str+2} (You found
                  | it on level 8 of the Dungeon)
  7719 | D:8      | Found a hazy altar of Hepliaklqana.
  7719 | D:8      | Found a snail-covered altar of Cheibriados.
  7719 | D:8      | Found a glowing silver altar of Zin.
  7759 | D:8      | Found a white marble altar of Elyvilon.
  7771 | D:8      | Noticed Joseph
  7797 | D:8      | Killed Joseph
  8163 | D:8      | Found a stormy altar of Qazlal.
  8309 | D:9      | Found a shimmering altar of Xom.
  8314 | D:9      | Found a shimmering altar of Xom.
  8314 | D:9      | Found a shimmering altar of Xom.
  8317 | D:9      | Found a shimmering altar of Xom.
  8495 | D:9      | Reached skill level 13 in Polearms
  8504 | D:9      | Noticed a two-headed ogre
  8505 | D:9      | Reached skill level 5 in Armour
  8521 | D:9      | Killed a two-headed ogre
  8521 | D:9      | Reached skill level 5 in Throwing
  8521 | D:9      | Reached XP level 11. HP: 72/86 MP: 11/11
  8964 | D:9      | Noticed a red ugly thing
  8992 | D:9      | Killed a red ugly thing
  9134 | D:9      | Reached skill level 14 in Polearms
  9215 | D:10     | Entered Level 10 of the Dungeon
  9219 | D:10     | Noticed Fannar
  9263 | D:10     | Killed Fannar
  9638 | D:10     | Reached ***** piety under Trog
  9681 | D:10     | Found Hirgh's General Store.
  9709 | D:10     | Noticed Grum
  9721 | D:10     | Reached skill level 10 in Dodging
  9728 | D:10     | Killed Grum
 10015 | D:10     | Found Zyjas's General Store.
 10131 | D:11     | Noticed a white ugly thing
 10163 | D:10     | Killed a white ugly thing
 10327 | D:11     | Found Oshroi Hafue's Antique Armour Shop.
 10350 | D:11     | Got a pair of warped gloves
 10356 | D:11     | Identified the +0 pair of gloves of Jigsaw {Int+4} (You
                  | found it on level 11 of the Dungeon)
 10388 | D:11     | Noticed an unseen horror
 10392 | D:11     | Killed an unseen horror
 10392 | D:11     | Reached skill level 15 in Polearms
 10395 | D:11     | Noticed a death yak
 10443 | D:11     | Killed a death yak
 10545 | D:11     | Noticed a death yak
 10564 | D:11     | Noticed a death yak
 10576 | D:11     | Killed a death yak
 10576 | D:11     | Reached XP level 12. HP: 22/96 MP: 12/12
 10799 | D:11     | Received a gift from Trog
 10918 | D:11     | Killed a death yak
 10919 | D:11     | Found a staircase to the Lair.
 10948 | D:11     | Found Ofoitoiz's Book Shoppe.
 11249 | D:11     | Found Dexzifer's Book Shoppe.
 11264 | D:11     | Reached skill level 10 in Fighting
 11477 | D:11     | Found Vacawk's Weapon Shop.
 11670 | D:11     | Found a staircase to the Orcish Mines.
 11754 | Lair:1   | Entered Level 1 of the Lair of Beasts
 11827 | Lair:1   | Found a frozen archway.
 11947 | IceCv    | Entered an ice cave
 12551 | IceCv    | Noticed a reaper
 12572 | IceCv    | Killed a reaper
 12572 | IceCv    | Reached skill level 1 in Evocations
 13099 | Lair:1   | Noticed Urug
 13119 | Lair:1   | Killed Urug
 13722 | Lair:1   | Reached XP level 13. HP: 101/106 MP: 14/14
 13872 | Lair:2   | Found a shattered altar of Ashenzari.
 14171 | Lair:2   | Found a snail-covered altar of Cheibriados.
 15193 | Lair:3   | Received a gift from Trog
 16032 | Lair:4   | Received a gift from Trog
 16140 | Lair:4   | Found a staircase to the Shoals.
 16730 | Lair:4   | Found a staircase to the Snake Pit.
 17286 | Lair:5   | Identified a scroll of acquirement
 17510 | Lair:5   | Reached XP level 14. HP: 58/116 MP: 17/17
 17627 | Lair:5   | Found a viscous altar of Jiyva.
 17627 | Lair:5   | Found a staircase to the Slime Pits.
 18446 | Lair:1   | Received a gift from Trog
 18540 | Orc:1    | Entered Level 1 of the Orcish Mines
 18565 | Orc:1    | Reached skill level 5 in Shields
 18617 | Orc:1    | Reached ****** piety under Trog
 18617 | Orc:1    | Received a gift from Trog
 18716 | Orc:1    | Found Bemu's Antique Armour Shop.
 18722 | Orc:1    | Bought a slimy scale mail for 234 gold pieces
 18722 | Orc:1    | Bought a pair of glowing boots for 195 gold pieces
 18734 | Orc:1    | Identified the +6 scale mail "Uzxych" {+Fly MR- rCorr
                  | Int+3} (You bought it in a shop on level 1 of the Orcish
                  | Mines)
 18998 | Orc:1    | Found a bloodstained altar of Trog.
 19097 | Orc:2    | Entered Level 2 of the Orcish Mines
 19134 | Orc:2    | Noticed Maurice
 19237 | Orc:1    | Killed Maurice
 19569 | Orc:1    | Received a gift from Trog
 19665 | Orc:2    | Reached skill level 5 in Evocations
 19711 | Orc:1    | Received a gift from Trog
 20357 | Orc:2    | Found a staircase to the Elven Halls.
 20672 | Orc:2    | Found Gekkish's Weapon Shop.
 20672 | Orc:2    | Found Areth's Jewellery Shoppe.
 20672 | Orc:2    | Found Eroutt's Weapon Emporium.
 20672 | Orc:2    | Found Imiacubb's Jewellery Shop.
 21199 | D:12     | Reached XP level 15. HP: 124/124 MP: 18/18
 21309 | D:12     | Noticed Kirke
 21323 | D:12     | Killed Kirke
 21339 | D:12     | Found a blossoming altar of Fedhas.
 21392 | D:12     | Reached skill level 16 in Polearms
 21905 | D:13     | Found a white marble altar of Elyvilon.
 22098 | D:13     | Received a gift from Trog
 22197 | D:13     | Reached skill level 10 in Armour
 23285 | D:14     | Noticed Josephine
 23294 | D:14     | Received a gift from Trog
 23315 | D:14     | Killed Josephine
 23315 | D:14     | Reached skill level 15 in Dodging
 23344 | D:14     | Got a scorched trident {god gift}
 23346 | D:14     | Identified the +9 trident of Checks and Balances {freeze,
                  | rF+ Dex+2} (Trog gifted it to you on level 14 of the
                  | Dungeon)
 24020 | D:14     | Found a portal to a secret trove of treasure.
 24236 | D:14     | Noticed Frances
 24250 | D:14     | Killed Frances
 24250 | D:14     | Reached skill level 17 in Polearms
 24427 | D:14     | Received a gift from Trog
 24442 | D:14     | Found a gate to the Vaults.
 24691 | D:15     | Entered Level 15 of the Dungeon
 24709 | D:15     | Noticed Azrael
 24748 | D:15     | Killed Azrael
 25043 | D:15     | Found a staircase to the Depths.
 25157 | D:15     | Noticed Agnes
 25173 | D:15     | Killed Agnes
 25266 | D:15     | Reached XP level 16. HP: 116/134 MP: 16/19
 25297 | D:15     | Found a blossoming altar of Fedhas.
 25392 | D:15     | Found a snail-covered altar of Cheibriados.
 25702 | Orc:2    | Bought a cursed ring of poison resistance for 187 gold
                  | pieces
 26293 | Snake:1  | Entered Level 1 of the Snake Pit
 26621 | Snake:1  | Reached skill level 15 in Fighting
 27162 | Snake:1  | Reached skill level 18 in Polearms
 27658 | Snake:2  | Received a gift from Trog
 27738 | Snake:2  | Noticed a nagaraja
 27779 | Snake:2  | Killed a nagaraja
 28010 | Snake:2  | Found Soget's Jewellery Boutique.
 28010 | Snake:2  | Found Favo's Gadget Emporium.
 28011 | Snake:2  | Found Guwyc's Gadget Emporium.
 28104 | Snake:2  | Received a gift from Trog
 28983 | Snake:3  | Noticed a nagaraja
 29019 | Snake:3  | Killed a nagaraja
 29358 | Snake:3  | Reached XP level 17. HP: 131/144 MP: 20/20
 29505 | Snake:3  | Reached skill level 19 in Polearms
 29824 | Snake:3  | Received a gift from Trog
 30271 | Snake:4  | Entered Level 4 of the Snake Pit
 30440 | Snake:3  | Received a gift from Trog
 30623 | Snake:4  | Received a gift from Trog
 30733 | Snake:4  | Got a pitted halberd
 30815 | Snake:4  | Found the +0 Maxwell's etheric cage {RegenMP+ *Contam rElec
                  | MP+4}
 30853 | Snake:4  | Found Udokaceb's General Store.
 30957 | Snake:4  | Received a gift from Trog
 31802 | Snake:4  | Noticed Vashnia
 32317 | Snake:4  | Killed Vashnia
 32317 | Snake:4  | Reached skill level 20 in Polearms
 32802 | Snake:4  | Received a gift from Trog
 32828 | Snake:4  | Reached XP level 18. HP: 132/153 MP: 18/21
 32906 | Snake:4  | Identified the +8 halberd of Xuh Mer {chop, rC- MP+9 Int+4}
                  | (You found it on level 4 of the Snake Pit)
 32910 | Snake:4  | Got a slimy halberd {holy}
 32911 | Snake:4  | Identified the +6 halberd of Experimentation {holy, rN+
                  | Int+3} (You took it off a naga ritualist on level 4 of the
                  | Snake Pit)
 33919 | Snake:4  | Got a serpentine rune of Zot
 34351 | Lair:6   | Entered Level 6 of the Lair of Beasts
 34432 | Lair:6   | Received a gift from Trog
 34977 | Lair:6   | Reached skill level 21 in Polearms
 35014 | Lair:6   | Received a gift from Trog
 35284 | Lair:6   | Got a sparkling marble ring
 35286 | Lair:6   | Identified the ring "Duohul" {+Blink Str+4 Stlth+} (You
                  | found it on level 6 of the Lair of Beasts)
 35372 | Lair:6   | Received a gift from Trog
 35889 | D:10     | Bought a scroll of identify for 34 gold pieces
 35889 | D:10     | Bought a scroll of identify for 34 gold pieces
 35911 | D:11     | Bought a runed scarf for 272 gold pieces
 36046 | Vaults:1 | Entered Level 1 of the Vaults
 36183 | Vaults:1 | Received a gift from Trog
 36238 | Vaults:1 | Reached XP level 19. HP: 124/163 MP: 16/22
 36333 | D:14     | Received a gift from Trog
 37546 | Vaults:1 | Paralysed by a great orb of eyes for 3 turns
 37553 | Vaults:1 | Reached skill level 22 in Polearms
 37801 | Vaults:2 | Received a gift from Trog
 38558 | Vaults:2 | Received a gift from Trog
 38848 | Vaults:2 | Reached XP level 20. HP: 172/172 MP: 23/23
 38958 | Vaults:2 | Found Hylehy's Antique Armour Shop.
 38958 | Vaults:2 | Found Rodghop's General Store.
 38998 | Vaults:2 | Found Vaocw's Book Shop.
 39045 | Vaults:2 | Found Ilioteem's Antique Weapon Emporium.
 39527 | Vaults:2 | Reached skill level 23 in Polearms
 39916 | Vaults:3 | Received a gift from Trog
 39919 | Vaults:3 | Got a jewelled halberd {god gift}
 39920 | Vaults:3 | Identified the +6 halberd of Calculation {chop, -Tele rC+
                  | Str+3 SInv} (Trog gifted it to you on level 3 of the
                  | Vaults)
 40206 | Vaults:3 | Cast into level 3 of the Abyss (a deep elf sorcerer)
 40521 | Abyss:3  | Noticed a bone dragon
 40550 | Abyss:3  | Killed a bone dragon
 40734 | Abyss:3  | Gained mutation: Your spells are a little easier to cast,
                  | but a little less powerful. [a neqoxec]
 40752 | Abyss:3  | Paralysed by accursed screaming for 1 turns
 40776 | Abyss:3  | Received a gift from Trog
 40818 | Vaults:3 | Escaped the Abyss
 40838 | Vaults:3 | Reached skill level 24 in Polearms
 41322 | Vaults:3 | Gained mutation: You are robust. (+10% HP) [a neqoxec]
 41432 | Vaults:3 | Reached XP level 21. HP: 132/198 MP: 18/24
 41918 | Vaults:3 | Found a staircase to the Crypt.
 42006 | Vaults:3 | Found a runed gate.
 42007 | Vaults:3 | Found a runed gate.
 42007 | Vaults:3 | Found a runed gate.
 42008 | Vaults:3 | Noticed Fascinator's ghost (adept DsFi)
 42010 | Vaults:3 | Noticed Jiecvoet's ghost (veteran GrFi)
 42856 | Vaults:3 | Received a gift from Trog
 45089 | Orc:2    | Bought an uncursed ring of resist corrosion for 220 gold
                  | pieces
 45093 | Orc:2    | Bought a +3 ring of slaying for 630 gold pieces
 45331 | Snake:2  | Bought the amulet of Vitality {Regen+ HP+15} for 1264 gold
                  | pieces
 45331 | Snake:2  | Found the amulet of Vitality {Regen+ HP+15}
 45641 | Vaults:2 | Bought a pair of runed gloves for 292 gold pieces
 45912 | D:10     | Bought a potion of curing for 33 gold pieces
 45912 | D:10     | Bought a potion of heal wounds for 55 gold pieces
 45912 | D:10     | Bought a potion of heal wounds for 55 gold pieces
 46035 | Depths:1 | Entered Level 1 of the Depths
 46095 | Depths:1 | Reached skill level 25 in Polearms
 46170 | Depths:1 | Received a gift from Trog
 46326 | Depths:1 | Found a gateway to Hell.
 46326 | Depths:1 | Noticed Margery
 46350 | Depths:1 | Killed Margery
 46505 | Depths:1 | Found Telecvudaz's Armour Shoppe.
 46507 | Depths:1 | Found Cuygoah's Antique Weapon Emporium.
 46507 | Depths:1 | Found Kepneism's General Store.
 46510 | Depths:1 | Found Daeplua's Armour Emporium.
 46584 | Depths:1 | Found a one-way gate leading to the halls of Pandemonium.
 46613 | Depths:1 | Noticed Saint Roka
 46659 | Depths:1 | Killed Saint Roka
 47225 | Depths:1 | Noticed Sojobo
 47391 | Depths:1 | Killed Sojobo
 47606 | Depths:2 | Found a gateway to a ziggurat.
 47805 | Depths:2 | Reached XP level 22. HP: 179/209 MP: 16/25
 47829 | Depths:2 | Received a gift from Trog
 47853 | Depths:2 | HP: 3/224 [elephant[a spriggan berserker] (9)]
 48013 | Depths:2 | Noticed a juggernaut
 48026 | Depths:2 | Killed a juggernaut
 48039 | Depths:2 | Found a glowing silver altar of Zin.
 48154 | Depths:2 | Noticed a golden dragon
 48157 | Depths:2 | Killed a golden dragon
 48178 | Depths:2 | HP: 8/224 [spriggan berserker/rapier of electrocution (23)]
 48178 | Depths:2 | HP: 1/224 [vampire mage (7)]
 48178 | Depths:2 | Mangled by a spriggan berserker

Skill      XL: |  1  2  3  4  5  6  7  8  9 10 11 12 13 14 15 16 17 18 19 20 21 22 |
---------------+-------------------------------------------------------------------+-----
Dodging        | 3 4 5 7 9 11 12 13 14 15 16 17 18 19 20 | 20.4
Polearms       | 5 6 7 8 10 11 13 15 17 18 20 21 22 24 25 | 25.9
Armour         | 2 3 4 5 6 7 8 9 10 11 12 13 14 | 14.9
Fighting       | 4 5 6 7 9 11 12 13 14 15 16 17 18 19 20 | 20.1
Shields        | 4 5 |  5.4
Throwing       | 2 3 5 6 8 |  8.0
Evocations     | 2 4 5 |  5.0

Action                   |  1- 3 |  4- 6 |  7- 9 | 10-12 | 13-15 | 16-18 | 19-21 | 22-24 || total
-------------------------+-------+-------+-------+-------+-------+-------+-------+-------++-------
Melee: Spear             |   120 |       |       |       |       |       |       |       ||   120
       Trident           |    25 |   125 |   341 |  1083 |  1901 |  1401 |       |       ||  4876
       Tailslap          |       |       |       |       |     1 |    19 |       |       ||    20
       Glaive            |       |       |       |       |       |   423 |  1496 |       ||  1919
       Halberd           |       |       |       |       |       |       |    18 |       ||    18
       Bardiche          |       |       |       |       |       |       |   432 |    62 ||   494
 Fire: Blowgun           |       |       |     4 |     4 |     2 |       |       |       ||    10
Throw: Stone             |    19 |     2 |    25 |       |       |       |       |       ||    46
       Javelin           |       |       |       |    17 |    40 |    41 |       |       ||    98
Invok: Berserk           |     1 |     2 |     2 |     4 |     3 |       |     1 |       ||    13
       Trog's Hand       |       |     2 |       |     1 |     8 |     5 |    14 |       ||    30
 Abil: Stop Flying       |       |       |       |       |       |     1 |       |       ||     1
Evoke: Wand              |       |       |       |       |       |     2 |       |       ||     2
  Use: Scroll            |       |     8 |     9 |    11 |     9 |     8 |    11 |     2 ||    58
       Potion            |       |       |       |     1 |     1 |       |     6 |     1 ||     9
 Stab: Sleeping          |     2 |     2 |       |       |       |       |       |       ||     4
       Distracted        |       |     1 |       |       |     1 |       |       |       ||     2
       Paralysed         |       |       |       |       |       |     2 |       |       ||     2
       Confused          |       |       |       |       |       |       |     1 |       ||     1
  Eat: Chunk             |     1 |     9 |    15 |    21 |    38 |    18 |    30 |     1 ||   133
       Ration            |       |       |       |     1 |     2 |     6 |     6 |       ||    15
Armor: Leather armour    |     6 |    19 |     9 |       |       |       |       |       ||    34
       Animal skin       |     1 |       |       |       |       |       |       |       ||     1
       Scale mail        |       |       |    47 |    16 |       |       |       |       ||    63
       Ring mail         |       |       |       |    71 |   174 |       |       |       ||   245
       Troll leather arm |       |       |       |    71 |    30 |       |       |       ||   101
       Plate armour      |       |       |       |       |   154 |   466 |   619 |    26 ||  1265
       Skin              |       |       |       |       |       |       |     3 |       ||     3
Dodge: Dodged            |    58 |    73 |   106 |   421 |   937 |   785 |  1205 |    51 ||  3636
Block: Buckler           |       |       |    27 |   116 |   316 |   157 |       |       ||   616
       Shield            |       |       |       |       |       |     2 |       |       ||     2
